cohdb
Replays
Latest Replays
All Replays
Popular Replays
Top Player Replays
Match Explorer
How It Works
Community
CoH3 Stats
Reddit
Sign in to upload your games and track your stats! →
Sign in with Steam
Match 45248836
Unlisted
Match 45248836
Overview
Messages
Build Orders
End
Selects Italian Combined Arms Battlegroup
Selects Bersaglieri Squad
Bersaglieri Squad
Kradschützen Motorcycle Team
Panzerpioneer Squad
Panzergrenadier Squad
Construct Light Support Kompanie
MG34 Team
Construct Mechanized Kompanie
8 Rad Armored Car
Assault Mechanized Group
Vehicle Survival Package
Selects Semovente da 75/18 Assault Gun
Semovente da 75/18 Assault Gun
Selects Vehicle Support - Secure Location
Selects Vehicle Support - Force Recon
2.5-tonne Medical Truck
Advanced Field Repairs
Construct Panzerarmee Kommand
Selects Strafing Run
Armored Reserves
Strafing Run
Skeng.Tecnica.International
Kasim-GJW
0
0
Comments
sign in to comment!
No comments posted yet!